 Dungeon Crawl Stone Soup version 0.28.0-53-g5a82cb258f (webtiles) character file.

Game seed: 10078957688523092341

77022 PhantomBowie the Warrior (level 15, -4/145 HPs)
             Began as a Hill Orc Fighter on May 30, 2022.
             Was the Champion of Okawaru.
             Killed from afar by an ironbound thunderhulk (41 damage)
             ... with a bolt of lightning
             ... summoned by a worldbinder
             ... on level 3 of the Abyss on May 31, 2022.
             The game lasted 01:52:39 (27420 turns).

PhantomBowie the Warrior (Hill Orc Fighter)        Turns: 27420, Time: 01:52:40

Health: -4/145     AC: 33    Str: 37    XL:     15   Next: 55%
Magic:  15/15      EV: 21    Int: 10    God:    Okawaru [******]
Gold:   1470       SH: 12    Dex: 16    Spells: 14/14 levels left

rFire   + . .      SeeInvis .   x - +7 Screaming Sword {vorpal, sonic wave}
rCold   + . .      Faith    .   f - -2 kite shield of Byapt {rF+ rC+ Stlth+}
rNeg    . . .      Spirit   .   V - +4 crystal plate armour "Alioc" {Int+4}
rPois   .          Reflect  .   X - +2 hat of Ocrat {Str+4}
rElec   .          Harm     .   y - scarf {repulsion}
rCorr   .          Rampage  .   l - +0 pair of gloves
Will    +....                   m - +0 pair of boots
Stlth   ..........              t - amulet of the acrobat
HPRegen 0.34/turn               H - +6 ring of dexterity
MPRegen 0.14/turn               U - +6 ring of strength

@: about to teleport, acrobatic, repel missiles
A: dopey 1
a: Renounce Religion, Heroism, Finesse, Duel


You were on level 3 of the Abyss.
You worshipped Okawaru.
Okawaru was exalted by your worship.
You visited 4 branches of the dungeon, and saw 21 of its levels.
You visited the Abyss 1 time.
You also visited: Volcano.

You collected 1842 gold pieces.
You spent 372 gold pieces at shops.

Inventory:

Hand Weapons
 e - the +6 hunting sling of Vengeance {flame, Will+}
   (You found it on level 10 of the Dungeon)

   Any ammunition fired from it burns those it strikes, dealing additional fire
   damage.
   Will:      It increases your willpower.
 x - the +7 Screaming Sword (weapon) {vorpal, sonic wave}
   (You took it off a goblin on level 4 of the Dungeon)

   It inflicts extra damage upon your enemies.
   It radiates damaging sonic waves as it strikes, especially in combat
   involving dangerous or numerous foes.
 D - a +0 falchion of flaming
 T - a +2 eveningstar
Missiles
 h - 735 stones
 n - 131 sling bullets
 r - 2 javelins (quivered)
 A - a throwing net
Armour
 c - a +0 buckler
 f - the -2 kite shield of Byapt (worn) {rF+ rC+ Stlth+}
   (Okawaru gifted it to you on level 2 of the Orcish Mines)

   rF:        It protects you from fire.
   rC:        It protects you from cold.
   Stlth:     It makes you more stealthy.
 l - a +0 pair of gloves (worn)
 m - a +0 pair of boots (worn)
 y - a scarf of repulsion (worn)
 M - the +0 crystal plate armour of Dice, Bag, and Bottle {rF+}
   (Okawaru gifted it to you on level 4 of the Lair of Beasts)

   rF:        It protects you from fire.
 V - the +4 crystal plate armour "Alioc" (worn) {Int+4}
   (Okawaru gifted it to you on level 11 of the Dungeon)

   Int:       It affects your intelligence (+4).
 X - the +2 hat of Ocrat (worn) {Str+4}
   (Okawaru gifted it to you on level 9 of the Dungeon)

   Str:       It affects your strength (+4).
Jewellery
 t - an amulet of the acrobat (around neck)
 F - a +6 ring of dexterity
 H - a +6 ring of dexterity (left hand)
 I - a +6 ring of dexterity
 J - a +4 ring of slaying
 Q - a ring of positive energy
 U - a +6 ring of strength (right hand)
Wands
 v - a wand of acid (1)
 E - a wand of flame (10)
 L - a wand of paralysis (20)
 P - a wand of iceblast (3)
Scrolls
 a - 4 scrolls of fog
 b - 3 scrolls of magic mapping
 g - 5 scrolls of teleportation
 i - 3 scrolls of fear
 j - 2 scrolls of immolation
 k - a scroll of blinking
 p - 4 scrolls of enchant armour
 C - 2 scrolls of identify
 K - 3 scrolls of vulnerability
 O - a scroll of enchant weapon
 R - a scroll of silence
 W - a scroll of amnesia
Potions
 d - 6 potions of might
 o - 5 potions of attraction
 q - 7 potions of haste
 s - 4 potions of mutation
 u - 10 potions of curing
 w - 4 potions of heal wounds
 z - 2 potions of lignification
 B - a potion of resistance
 G - 2 potions of cancellation
 N - 2 potions of flight
 S - a potion of invisibility


   Skills:
 + Level 16.5 Fighting
 + Level 14.2 Long Blades
 - Level 6.2 Axes
 + Level 15.3 Armour
 + Level 15.3 Shields
 + Level 1.1 Invocations


You had 14 spell levels left.
You didn't know any spells.
Your spell library contained the following spells:

 Spells                   Type           Power      Damage    Failure   Level
 Magic Dart               Conj           0%         1d3       99%         1
 Sublimation of Blood     Necr           0%         N/A       100%        2
 Gell's Gravitas          Tloc           0%         N/A       100%        3
 Lesser Beckoning         Tloc           0%         N/A       100%        3
 Mephitic Cloud           Conj/Pois/Air  0%         N/A       100%        3
 Stone Arrow              Conj/Erth      0%         3d7       100%        3
 Teleport Other           Tloc           0%         N/A       100%        3
 Anguish                  Hex/Necr       0%         N/A       100%        4
 Petrify                  Tmut/Erth      0%         N/A       100%        4
 Irradiate                Conj/Tmut      0%         3d14      100%        5
 Dispersal                Tloc           0%         N/A       100%        6
 Enfeeble                 Hex            0%         N/A       100%        7
 Lehudib's Crystal Spear  Conj/Erth      0%         10d2      100%        8
 Call Imp                 Summ           Unusable   N/A       N/A         2
 Tukima's Dance           Hex            Unusable   N/A       N/A         3
 Animate Armour           Summ/Erth      Unusable   N/A       N/A         4

Dungeon Overview and Level Annotations

Branches:
Dungeon (13/15)            Temple (1/1) D:6            Lair (5/6) D:11
  Swamp (0/4) Lair:2       Spider (0/4) Lair:2          Orc (2/2) D:9
    Elf (0/3) Orc:2       Volcano (visited)
  Slime: Lair:5-6    Vaults: D:13-14

Altars:
Ashenzari
Cheibriados
Dithmenos
Elyvilon
Fedhas
Gozag
Hepliaklqana
Kikubaaqudgha
Makhleb
Nemelex Xobeh
Okawaru
Qazlal
Ru
Sif Muna
Trog
Uskayaw
Vehumet
Wu Jian
Xom
Yredelemnul
Zin
The Shining One
Beogh

Shops:
D:13 ?   Orc:1 *   Orc:2 (*(*

Annotations:
D:2 1 runed translucent door, Crazy Yiuf
D:5 1 runed translucent door, Woods's ghost, novice DEAE
Lair:5 Sonja


Innate Abilities, Weirdness & Mutations

You are dopey. (Int -2)


Message History

The starcursed mass shudders and is absorbed by its neighbour.
You block the ufetubus's attack.
The ufetubus splashes around in the water.
The ufetubus splashes around in the water. x2
A chorus of shrieks assaults your mind.
A starcursed mass splits.
The smoke demon gestures at you.
The ball of steam misses the ufetubus.
The ball of steam misses you.
The ufetubus is engulfed in a cloud of scalding steam.
The ufetubus misses you. You block the ufetubus's attack.
The ufetubus is engulfed in a cloud of scalding steam.
The ufetubus dies!
A worldbinder comes into view.
An eidolon comes into view.
The eidolon gestures.
The eidolon radiates an aura of fear!
You are terrified of the eidolon!
The smoke demon gestures at you. You block the sticky flame.
The worldbinder calls forth creatures from the Vaults!
A chorus of shrieks assaults your mind.
The worldbinder calls forth creatures from the Vaults!
You are no longer terrified.
The vault sentinel blows a loud note on a signal horn!
You hear a shout!
You hear a horrible gurgling sound!
As you read the scroll of teleportation, it crumbles to dust.
You feel strangely unstable.
You feel the power of the Abyss delaying your translocation!
You block the worldbinder's attack. x2
The worldbinder calls forth creatures from the Vaults!
The green very ugly thing disappears in a puff of smoke!
The smoke demon gestures at you. Something smites you!
Electricity crackles from the ironbound thunderhulk's apparatus.
The bolt of lightning hits you!!!
* * * LOW HITPOINT WARNING * * *
You feel much better.
Electricity crackles from the ironbound thunderhulk's apparatus.
The bolt of lightning hits you!!!
You die...

## ### . .. ..## #.
.#.... #.#. ... # ♣
.## #.#.....#.## ≈
## ...#.#.. ≈≈≈.#
...###.#...# XX X
.#..#.####@### X.
..# ..##.....# ##
##. #
....#.#..O###.. #
#.##.....###.##.##
X.##....#..####O#..#
#.X#.##.# ...#..x##
# . .X
.X...#.x#..#.# #. .
#.#.X3##....# ##..
.§..#..#.####


You could see 2 ironbound thunderhulks and a worldbinder.

Vanquished Creatures
  An orc warlord (Orc:1)
  2 ettins (Orc:1)
  Josephine (Lair:4)
  A fire dragon (Volcano)
  Fannar (D:11)
  5 boulder beetles
  A radroach (shapeshifter) (D:13)
  7 hydras
  5 ogre magi
  3 centaur warriors (D:13)
  18 two-headed ogres
  A tengu warrior (D:11)
  3 thrashing horrors (Abyss:2)
  Urug (Lair:5)
  3 sun demons (Volcano)
  A bog body (Lair:2)
  An orb spider (Lair:2)
  Pikel (D:6)
  A wizard (D:11)
  A lindwurm (Lair:2)
  2 orc knights (D:9)
  2 orc sorcerers (Orc:2)
  2 ugly things (D:13)
  2 manticores
  3 cyclopes
  3 black mambas
  8 elephants
  Maurice (D:12)
  3 smoke demons (Volcano)
  A torpor snail (Lair:4)
  3 unseen horrors
  3 gargoyles
  8 cane toads
  3 kobold demonologists
  2 rime drakes
  4 komodo dragons
  3 yaktaurs (D:13)
  A polar bear (shapeshifter) (D:13)
  6 trolls
  4 slime creatures (D:13)
  Grinder (D:5)
  A hornet (D:11)
  5 blink frogs (Lair:4)
  2 polar bears
  4 dream sheep (Lair:4)
  3 shadows
  39 yaks
  A water elemental (D:11)
  Sigmund (D:4)
  7 wraiths
  2 basilisks
  3 wyverns
  8 steam dragons
  5 vampire mosquitoes
  3 wargs (Orc:1)
  9 water moccasins
  A hell hound (Volcano)
  2 acid dragons
  A swamp drake (shapeshifter) (D:11)
  28 orc warriors
  2 black bears
  A sky beast (D:6)
  37 ogres
  An ice beast (D:4)
  2 necrophages (D:5)
  A boggart (D:13)
  9 wolves
  4 lemures (D:6)
  7 centaurs
  A phantom (D:6)
  4 kobold brigands (D:13)
  A small abomination (Abyss:2)
  Blork the orc (D:4)
  12 bullfrogs
  2 gnoll sergeants
  6 scorpions
  14 killer bees
  18 wights
  3 electric eels (D:11)
  A centaur zombie (D:7)
  10 hounds
  3 bullfrog zombies
  2 jellies (Lair:5)
  9 orc priests
  A bullfrog skeleton (D:5)
  2 iguanas
  Ijyb (D:3)
  Natasha (twice) (D:3)
  8 hell rats
  14 orc wizards
  2 howler monkey zombies
  4 gnolls (D:5)
  13 adders
  A howler monkey skeleton (D:6)
  2 river rats (Lair:2)
  2 shadow imps
  3 white imps
  An adder zombie (D:5)
  3 worms
  3 dart slugs
  55 orcs
  7 endoplasms
  3 giant cockroaches (D:1)
  6 hobgoblins
  2 jackals (D:3)
  11 kobolds
  6 ball pythons
  13 bats
  16 goblins
  11 rats
  4 plants (Lair:4)
595 creatures vanquished.

Vanquished Creatures (others)
  An ufetubus (Abyss:3)
  41 fungi
  54 plants
96 creatures vanquished.

Grand Total: 691 creatures vanquished

Notes
Turn   | Place    | Note
-------+----------+-------------------------------------------
     0 | D:1      | PhantomBowie the Hill Orc Fighter began the quest for the
                  | Orb.
     0 | D:1      | Reached XP level 1. HP: 19/19 MP: 1/1
   223 | D:1      | Reached XP level 2. HP: 27/27 MP: 2/2
   225 | D:1      | Found a faded altar of an unknown god.
   590 | D:1      | Reached skill level 4 in Fighting
   590 | D:1      | Reached XP level 3. HP: 32/33 MP: 3/3
   823 | D:2      | Found a blossoming altar of Fedhas.
  1199 | D:2      | Found a runed translucent door.
  1200 | D:2      | Noticed Crazy Yiuf
  1252 | D:2      | Reached XP level 4. HP: 41/41 MP: 4/4
  2029 | D:3      | Noticed Natasha
  2045 | D:3      | Killed Natasha
  2046 | D:3      | Reached XP level 5. HP: 30/47 MP: 5/5
  2506 | D:4      | Noticed Blork the orc
  2632 | D:4      | Noticed Ijyb
  2816 | D:4      | Noticed an ice beast
  2825 | D:4      | Killed an ice beast
  2826 | D:4      | Reached skill level 5 in Fighting
  2826 | D:4      | Reached XP level 6. HP: 32/56 MP: 6/6
  3244 | D:4      | Reached skill level 5 in Axes
  3880 | D:3      | Noticed Natasha
  3883 | D:3      | Killed Ijyb
  3892 | D:3      | Killed Natasha
  3893 | D:3      | Reached skill level 5 in Armour
  3893 | D:3      | Reached skill level 5 in Shields
  4043 | D:4      | Killed Blork the orc
  4044 | D:4      | Reached XP level 7. HP: 35/62 MP: 7/7
  4440 | D:4      | Noticed Sigmund
  4496 | D:4      | Killed Sigmund
  4497 | D:4      | Reached skill level 6 in Fighting
  4723 | D:4      | Reached XP level 8. HP: 67/71 MP: 8/8
  4816 | D:5      | Entered Level 5 of the Dungeon
  4943 | D:5      | Reached skill level 1 in Long Blades
  4964 | D:5      | Noticed Grinder
  4969 | D:5      | Killed Grinder
  4970 | D:5      | Reached skill level 7 in Fighting
  5215 | D:5      | Reached XP level 9. HP: 74/79 MP: 9/9
  5243 | D:5      | Found a runed translucent door.
  5816 | D:5      | Noticed Woods's ghost (novice DEAE)
  5939 | D:6      | Reached skill level 8 in Fighting
  6244 | D:6      | Found a staircase to the Ecumenical Temple.
  6260 | Temple   | Entered the Ecumenical Temple
  6363 | Temple   | Became a worshipper of Warmaster Okawaru
  6625 | D:6      | Noticed Pikel
  6690 | D:6      | Killed Pikel
  6690 | D:6      | Reached * piety under Okawaru
  6691 | D:6      | Reached skill level 5 in Long Blades
  6796 | D:6      | Found a glowing golden altar of the Shining One.
  6796 | D:6      | Found a snail-covered altar of Cheibriados.
  7180 | D:7      | Reached skill level 9 in Fighting
  7198 | D:7      | Noticed a cyclops
  7208 | D:7      | Killed a cyclops
  7209 | D:7      | Reached XP level 10. HP: 82/91 MP: 10/10
  7472 | D:7      | Found a broken altar of Ashenzari.
  7472 | D:7      | Found an ancient bone altar of Kikubaaqudgha.
  8041 | D:8      | Reached ** piety under Okawaru
  8473 | D:8      | Noticed a gargoyle
  8479 | D:8      | Killed a gargoyle
  8794 | D:9      | Found a staircase to the Orcish Mines.
  8812 | D:9      | Noticed a kobold demonologist
  8828 | D:9      | Killed a kobold demonologist
  8832 | D:9      | Reached skill level 10 in Fighting
  9128 | D:9      | Reached *** piety under Okawaru
  9592 | D:9      | Noticed a kobold demonologist
  9606 | D:9      | Killed a kobold demonologist
  9767 | D:10     | Entered Level 10 of the Dungeon
  9769 | D:10     | Noticed a two-headed ogre
  9777 | D:10     | Killed a two-headed ogre
  9777 | D:10     | Reached **** piety under Okawaru
  9778 | D:10     | Reached XP level 11. HP: 49/101 MP: 11/11
 10028 | D:10     | Identified the +6 hunting sling of Vengeance {flame, Will+}
 10148 | D:10     | Noticed a two-headed ogre
 10621 | D:10     | Killed a two-headed ogre
 10622 | D:10     | Reached skill level 10 in Armour
 10622 | D:10     | Reached skill level 10 in Shields
 10886 | D:11     | Reached skill level 11 in Fighting
 10935 | D:11     | Paralysed by a hornet for 2 turns
 10938 | D:11     | Reached ***** piety under Okawaru
 11095 | D:11     | Noticed Fannar
 11254 | D:11     | Killed Fannar
 11310 | D:11     | Found a staircase to the Lair.
 11313 | D:11     | Noticed a manticore
 11588 | D:11     | You fall into a shaft and drop 1 floor!
 11612 | D:11     | Noticed a two-headed ogre
 11617 | D:11     | Killed a two-headed ogre
 11799 | D:11     | Identified the +4 crystal plate armour "Alioc" {Int+4}
                  | (Okawaru gifted it to you on level 11 of the Dungeon)
 11799 | D:11     | Received a gift from Okawaru
 11870 | D:11     | Killed a manticore
 12079 | D:11     | Noticed a tengu warrior
 12096 | D:11     | Killed a tengu warrior
 12106 | D:11     | Noticed a wizard
 12114 | D:11     | Killed a wizard
 12142 | D:11     | Noticed a four-headed hydra
 12151 | D:11     | Killed a nine-headed hydra
 12155 | D:11     | Reached XP level 12. HP: 88/112 MP: 12/12
 12335 | Lair:1   | Entered Level 1 of the Lair of Beasts
 12398 | D:11     | Reached skill level 12 in Fighting
 13268 | Lair:1   | Noticed an eight-headed hydra
 13347 | Orc:1    | Entered Level 1 of the Orcish Mines
 13347 | Orc:1    | Found Muenekio's Assorted Antiques.
 13560 | Orc:1    | Bought a scroll of identify for 56 gold pieces
 13744 | D:9      | Identified the +2 hat of Ocrat {Str+4} (Okawaru gifted it
                  | to you on level 9 of the Dungeon)
 13744 | D:9      | Received a gift from Okawaru
 13748 | D:9      | Reached skill level 10 in Long Blades
 14504 | Orc:1    | Noticed an ettin
 14533 | Orc:1    | Killed an ettin
 14767 | Orc:2    | Entered Level 2 of the Orcish Mines
 14871 | Orc:2    | Reached skill level 13 in Fighting
 14932 | Orc:2    | Noticed a two-headed ogre
 14933 | Orc:2    | Noticed a two-headed ogre
 14938 | Orc:2    | Noticed a two-headed ogre
 14957 | Orc:2    | Killed a two-headed ogre
 14961 | Orc:2    | Killed a two-headed ogre
 14962 | Orc:2    | Noticed a two-headed ogre
 14962 | Orc:2    | Noticed an ogre mage
 14962 | Orc:2    | Noticed a two-headed ogre
 14963 | Orc:2    | Paralysed by an ogre mage for 3 turns
 14968 | Orc:2    | Noticed an ettin
 14997 | Orc:2    | Killed a two-headed ogre
 14998 | Orc:2    | Killed a two-headed ogre
 14999 | Orc:2    | Reached XP level 13. HP: 93/122 MP: 13/13
 15008 | Orc:2    | Paralysed by an ogre mage for 4 turns
 15022 | Orc:1    | Killed an ettin
 15261 | Orc:2    | Found a staircase to the Elven Halls.
 15462 | Orc:2    | Found a roughly hewn altar of Beogh.
 15478 | Orc:2    | Reached ****** piety under Okawaru
 15504 | Orc:2    | Noticed an orc warlord
 15506 | Orc:2    | Identified the -2 kite shield of Byapt {rF+ rC+ Stlth+}
                  | (Okawaru gifted it to you on level 2 of the Orcish Mines)
 15506 | Orc:2    | Received a gift from Okawaru
 15511 | Orc:2    | Paralysed by an ogre mage for 3 turns
 15647 | Orc:2    | Paralysed by an ogre mage for 5 turns
 15835 | Orc:1    | Killed an orc warlord
 16182 | Orc:2    | Reached skill level 14 in Fighting
 16723 | Orc:2    | Found Ypsim's Antique Weapon Shop.
 16743 | Orc:2    | Found Hela Yco's Weapon Shoppe.
 16745 | Orc:2    | Found Xuatall's General Store.
 16745 | Orc:2    | Found Ybialoq's General Store.
 17091 | Orc:2    | Bought a potion of heal wounds for 70 gold pieces
 17092 | Orc:2    | Bought a scroll of teleportation for 42 gold pieces
 17518 | D:12     | Noticed Maurice
 17562 | D:12     | Reached XP level 14. HP: 125/133 MP: 14/14
 17786 | D:12     | Identified the +4 quarterstaff of Egomania {speed, Will+
                  | Dex+3}
 18639 | D:12     | Received a gift from Okawaru
 18676 | D:12     | Killed Maurice
 19260 | D:13     | Found Pudua's Magic Scroll Boutique.
 19301 | D:13     | Reached skill level 15 in Fighting
 19355 | D:13     | Bought a scroll of identify for 24 gold pieces
 19355 | D:13     | Bought a scroll of teleportation for 36 gold pieces
 19355 | D:13     | Bought a scroll of identify for 24 gold pieces
 19355 | D:13     | Bought a scroll of teleportation for 36 gold pieces
 19372 | D:13     | Bought a scroll of magic mapping for 42 gold pieces
 19372 | D:13     | Bought a scroll of magic mapping for 42 gold pieces
 19744 | D:13     | Identified the +2 hat of the Kraken {rPois rN++ Dex+2}
                  | (Okawaru gifted it to you on level 13 of the Dungeon)
 19744 | D:13     | Received a gift from Okawaru
 19921 | D:13     | Gained mutation: You are dopey. (Int -2) [mutagenic glow]
 21864 | Lair:2   | Found a hole to the Spider Nest.
 22558 | Lair:2   | Found a staircase to the Swamp.
 23212 | Lair:3   | Reached XP level 15. HP: 136/143 MP: 15/15
 23958 | Lair:4   | Received a gift from Okawaru
 23959 | Lair:4   | Reached skill level 16 in Fighting
 24040 | Lair:4   | Found a dark tunnel.
 24211 | Volcano  | Entered a volcano
 24239 | Volcano  | Reached skill level 15 in Armour
 24594 | Volcano  | Reached skill level 15 in Shields
 25319 | Lair:5   | Noticed Josephine
 25365 | Lair:5   | Noticed Urug
 26541 | Lair:4   | Identified the +0 crystal plate armour of Dice, Bag, and
                  | Bottle {rF+} (Okawaru gifted it to you on level 4 of the
                  | Lair of Beasts)
 26541 | Lair:4   | Received a gift from Okawaru
 26541 | Lair:4   | Killed Josephine
 27117 | Lair:5   | Killed Urug
 27118 | Lair:5   | Reached skill level 1 in Invocations
 27234 | Lair:5   | Noticed Sonja
 27246 | Lair:5   | Cast into level 2 of the Abyss (Sonja)
 27246 | Abyss:2  | Found a corrupted altar of Lugonu.
 27322 | Abyss:2  | Noticed a bone dragon
 27374 | Abyss:3  | Found a corrupted altar of Lugonu.
 27420 | Abyss:3  | Killed from afar by an ironbound thunderhulk

Illustrated notes

Levels and vault maps discovered:
D:1:      minmay_arrival_plants_in_alcoves, layout_basic,
          ebering_ecumenical_altar_mist, minmay_hedge_maze
D:2:      layout_loops_ring, basic_altar, uniq_crazy_yiuf_cottage
D:3:      layout_basic, uniq_natasha
D:4:      old_forge, layout_gridville, enter_ossuary_2, uniq_sigmund,
          uniq_blork_the_orc, uniq_ijyb
D:5:      layout_layer_cave, ebering_ghost_sewer_d, uniq_grinder
D:6:      layout_basic, jmf_multi_god_temple, minmay_temple_entry_offerings,
          minivault_27, dk_noncrumbling_3, uniq_pikel
D:7:      layout_basic, gammafunk_temple_overflow_elements, st_stairs_9,
          kennysheep_generic_room_13
D:8:      layout_loops_ring
D:9:      layout_loops_cross, orc_0_dummy
D:10:     layout_loops_ring
D:11:     layout_layer_cave, erik_lair_island, minmay_diamond_spiral,
          uniq_fannar
D:12:     layout_loops_corners, serial_co_window_serial, co_window_paths_a,
          co_window_of_opportunity_a, co_window_paths_b, co_window_paths_a,
          co_window_paths_b, co_window_broadway_c, co_window_2corner,
          co_window_paths_c, co_window_cross_4, co_window_paths_e,
          glass_columns_a, glass_columns_c, glass_columns_c, uniq_maurice
D:13:     layout_rooms, hangedman_vaults_entry_quadrant_bands, serial_shops,
          nicolae_shop_advertising_works [nicolae_subvault_shop_adworks],
          grunt_potential
Temple:   mainiacjoe_temple_coin_purse
Lair:1:   layout_hall_layers, eino_small_chamber_without_monster
Lair:2:   layout_chaotic_city, skrybe_swamp_entry_bodies,
          nicolae_spider_entry_orb_guardian, kennysheep_abandoned_house
Lair:3:   layout_hall_layers, chequers_serial_rivers_small_b, evilmike_ambush
          [evilmike_ambush_outer_basic, evilmike_ambush_inner_basic],
          grunt_megastairs_4, infiniplex_staircase_pool_2, serial_bayou_shore_b
Lair:4:   wad_woods_structure_01, layout_cave_pods,
          nicolae_volcano_entry_lava_flow, chequers_serial_rivers_micro_d,
          eino_small_chamber_without_monster, st_stairs_7
Lair:5:   layout_hall_layers, minmay_slime_entry_jelly_boxes,
          lemuel_fruit_fields, uniq_urug, uniq_sonja, uniq_nessos,
          uniq_josephine
Orc:1:    layout_diamond_mine, serial_shops, nicolae_shop_overgrown_old_shop
Orc:2:    st_orc_ogre_mass, layout_caves, basic_altar
Abyss:3:  base: D:15, evilmike_abyss_exit_10, lemuel_flamethrower_hall,
          lemuel_flamethrower_hall, abyss_greek_temple,
          due_evilmike_abyss_rune_seething_liches

Skill      XL: |  1  2  3  4  5  6  7  8  9 10 11 12 13 14 15 |
---------------+----------------------------------------------+-----
Axes           | 3 4 5 6 |  6.2
Fighting       | 4 5 6 7 9 10 11 13 14 15 16 | 16.5
Shields        | 4 5 6 8 9 10 12 13 14 15 | 15.3
Armour         | 4 5 6 8 9 11 12 13 14 15 | 15.3
Long Blades    | 3 5 7 9 10 12 13 14 | 14.2
Invocations    | 1 |  1.1

Action                   |  1- 3 |  4- 6 |  7- 9 | 10-12 | 13-15 || total
-------------------------+-------+-------+-------+-------+-------++-------
Melee: War axe           |   102 |   180 |    75 |       |       ||   357
       Double sword      |       |       |   103 |   385 |   672 ||  1160
       Falchion          |       |       |       |       |    38 ||    38
Throw: Stone             |       |     2 |       |       |       ||     2
       Javelin           |       |       |       |     5 |       ||     5
       Throwing net      |       |       |       |     1 |       ||     1
Evoke: Wand              |       |       |       |     4 |     6 ||    10
  Use: Scroll            |       |     6 |     2 |    11 |    12 ||    31
       Potion            |       |       |       |     2 |     2 ||     4
Armor: Chain mail        |    54 |   108 |    68 |    18 |       ||   248
       Plate armour      |       |       |       |    65 |       ||    65
       Crystal plate arm |       |       |       |   114 |   479 ||   593
       Skin              |       |       |       |       |     2 ||     2
Dodge: Dodged            |    25 |    62 |    85 |   156 |   251 ||   579
       Repelled          |       |       |       |       |     3 ||     3
Block: Buckler           |    22 |    34 |    40 |   145 |    60 ||   301
       Kite shield       |       |       |       |       |   300 ||   300
